 Dungeon Crawl Stone Soup version 0.18.1-48-g4cf74bf (webtiles) character file.

261 maurice the Shield-Bearer (level 5, -2/46 HPs)
             Began as a Minotaur Fighter on Aug 1, 2016.
             Slain by a gnoll
             ... wielding a +0 halberd
              (5 damage)
             ... on level 3 of the Dungeon.
             The game lasted 00:13:28 (1660 turns).

maurice the Shield-Bearer (Minotaur Fighter)        Turns: 1660, Time: 00:13:28

Health: -2/46      AC:  7    Str: 27    XL:     5   Next: 96%
Magic:  4/4        EV:  8    Int:  5    God:
Gold:   97         SH: 10    Dex:  9    Spells: 0 memorised, 4 levels left

rFire  . . .     SeeInvis .     a - +1 war axe
rCold  . . .     Gourm    .     b - +0 scale mail
rNeg   . . .     Faith    .     c - +0 shield
rPois  .         Spirit   .     (helmet restricted)
rElec  .         Dismiss  .     (no cloak)
rCorr  .         Reflect  .     (no gloves)
SustAt .         Harm     .     (no boots)
MR     .....                    (no amulet)
Stlth  ..........               (no ring)
                                (no ring)

@: mighty, not resistant to hostile enchantments, extremely unstealthy
A: retaliatory headbutt, horns 2
a: no special abilities


You were on level 3 of the Dungeon.
You were not hungry.

You visited 1 branch of the dungeon, and saw 3 of its levels.

You collected 97 gold pieces.

Inventory:

Hand Weapons
 a - a +1 war axe (weapon)
 u - a +3 dagger
 y - a +0 hunting sling
Armour
 b - a +0 scale mail (worn)
 c - a +0 shield (worn)
 o - a +0 ring mail
 q - a +0 pair of boots
 v - a +0 ring mail
 w - a +0 robe
Jewellery
 m - an uncursed ring of fire {unknown}
Scrolls
 e - a scroll of identify {unknown}
 p - a scroll of fog {unknown}
 s - a scroll of enchant weapon
Potions
 i - a potion of heal wounds {unknown}
 l - a potion of haste {unknown}
 n - a potion of invisibility {unknown}
 r - a potion of resistance {unknown}
 t - a potion of lignification {unknown}
 x - a potion of brilliance {unknown}
Comestibles
 f - 3 bread rations
 g - 4 chunks of flesh
 h - a beef jerky
 j - a meat ration
 k - 2 fruits


   Skills:
 + Level 4.3 Fighting
 * Level 4.7 Axes
 + Level 4.8 Armour
 + Level 1.8 Dodging
 + Level 5.0 Shields


You had 4 spell levels left.
You didn't know any spells.

Dungeon Overview and Level Annotations

Branches:
Dungeon (3/15)

Altars:


Innate Abilities, Weirdness & Mutations

You reflexively headbutt those who attack you in melee.
You have a pair of horns on your head.


Message History

The gnoll hits you with a halberd!
* * * LOW HITPOINT WARNING * * *
A rat comes into view.
There is an open door, spattered with blood here.
Items here: ( )) [ †† The orc priest looks braver for a moment.
You block the gnoll's attack.
You see here 3 stones.
You feel very mighty all of a sudden. The gnoll hits you but does no damage.
You slice the orc priest!!
You kill the orc priest!
The gnoll barely misses you.
The gnoll hits you from afar with a halberd.
* * * LOW HITPOINT WARNING * * *
The orc hits something with a whip.
There is an open door, spattered with blood here.
Items here: ( ))) [ ††† The gnoll hits you from afar with a halberd.
You die...

♣.... ♣.#
.♣♣.....♣♣♣♣.##
♣........P♣...#
.♣.. ###.♣.♣..#
♣....#.#..♣÷..##
.....#'#.♣P....#
P...........##.#
..#..r.)...♣#..#
#...og.@..P♣.##
.#....P#)#.♣P♣.#
.......#(#..♣♣.##
....P.###.P.♣..# ..
+#.(......♣....#
P.. #.............#
♣.P.
#..⌠.........##
♣..###...P........#
♣..P..........♣...#


You could see a gnoll, an orc and a rat.

Vanquished Creatures
  An orc wizard (D:3)
  An orc priest (D:3)
  Jessica (D:2)
  Ijyb (D:2)
  A gnoll (D:3)
  6 adders
  A shadow imp (D:3)
  3 worms (D:2)
  2 dart slugs
  2 giant geckos
  An orc (D:3)
  8 bats
  2 giant cockroaches
  7 goblins
  6 hobgoblins
  8 jackals
  2 quokkas
  A giant newt (D:2)
  7 kobolds
  8 rats
69 creatures vanquished.

Notes
Turn   | Place    | Note
--------------------------------------------------------------
     0 | D:1      | maurice the Minotaur Fighter began the quest for the Orb.
     0 | D:1      | Reached XP level 1. HP: 19/19 MP: 0/0
   137 | D:1      | Reached XP level 2. HP: 27/27 MP: 1/1
   381 | D:1      | Reached skill level 4 in Shields
   582 | D:1      | Reached XP level 3. HP: 32/33 MP: 2/2
   714 | D:2      | Reached skill level 1 in Dodging
   825 | D:2      | Reached XP level 4. HP: 34/40 MP: 3/3
   898 | D:2      | Noticed Ijyb
   910 | D:2      | Killed Ijyb
  1040 | D:2      | Noticed Jessica
  1048 | D:2      | Killed Jessica
  1048 | D:2      | Reached XP level 5. HP: 40/46 MP: 4/4
  1545 | D:3      | Reached skill level 5 in Shields
  1660 | D:3      | Slain by a gnoll

Skill      XL: |  1  2  3  4  5 |
---------------+----------------+-----
Armour         | 4 |  4.8
Shields        | 4 5 |  5.0
Dodging        | 1 |  1.8
Axes           | 3 4 |  4.7
Fighting       | 4 |  4.3

Action                   |  1- 3 |  4- 6 || total
-------------------------+-------+-------++-------
Melee: War axe           |    83 |    77 ||   160
       Headbutt          |    13 |    11 ||    24
  Use: Scroll            |       |     1 ||     1
       Potion            |       |     1 ||     1
  Eat: Chunk             |       |     3 ||     3
Armor: Scale mail        |    52 |    42 ||    94
Dodge: Dodged            |    28 |    36 ||    64
Block: Shield            |    47 |    50 ||    97
